Map: Lerilak Crest

Players

HuK - Winner!

  • Race: Protoss Protoss
  • League: Grandmaster

PiG

  • Race: Zerg Zerg
  • League: Platinum

Event: 2016 WCS Winter Circuit Championship

VOD

Have the link to the VOD?

Description

Time

  • Played on: March 2, 2016, 9:21 a.m.
  • Length: 9:00

All games in this series

Show
View Real Time Build Order
Export as new Build Order

HuK Protoss - Winner!

Build Orders: 1 Gate Expand, Zealot Archon, Dark Templar Rush 

Get SALT Encoding   

  12  0:00  Probe (Chrono Boost)  
  13  0:11  Probe (Chrono Boost)  
  14  0:18  Pylon  
  14  0:22  Probe (Chrono Boost)  
  15  0:36  Gateway, Probe (Chrono Boost)  
  16  0:43  Assimilator  
  16  0:46  Probe (Chrono Boost)  
  17  0:57  Probe (Chrono Boost)  
  18  1:08  Probe (Chrono Boost)  
  19  1:18  Probe (Chrono Boost)  
  20  1:23  Cybernetics Core  
  20  1:29  Probe (Chrono Boost)  
  21  1:36  Nexus  
  21  1:42  Pylon  
  21  1:45  Probe (Chrono Boost)  
  22  1:49  Assimilator  
  22  1:56  Probe (Chrono Boost)  
  22  2:00  Warp Gate (Chrono Boost)  
  22  2:01  Adept (Chrono Boost)  
  25  2:06  Probe (Chrono Boost)  
  26  2:18  Probe (Chrono Boost)  
  27  2:26  Twilight Council  
  27  2:31  Gateway, Probe  
  28  2:42  Sentry (Chrono Boost)  
  30  2:45  Probe  
  30  2:48  Probe  
  32  2:54  Gateway  
  32  2:55  Resonating Glaives (Chrono Boost)  
  33  2:58  Probe  
  33  3:03  Gateway  
  33  3:13  Probe  
  34  3:20  Pylon  
  34  3:25  Mothership Core (Chrono Boost)  
  34  3:26  Probe (Chrono Boost)  
  37  3:37  Probe (Chrono Boost)  
  38  3:46  Probe (Chrono Boost)  
  38  3:47  Probe (Chrono Boost)  
  40  3:50  Dark Shrine  
  40  3:56  Assimilator  
  40  3:58  Probe (Chrono Boost), Adept x2  
  40  3:59  Assimilator  
  46  4:09  Pylon  
  45  4:10  Adept x2  
  49  4:21  Probe (Chrono Boost)  
  49  4:22  Probe (Chrono Boost)  
  51  4:24  Adept  
  51  4:29  Adept  
  51  4:31  Adept  
  57  4:32  Adept  
  57  4:37  Probe x2 (Chrono Boost)  
  61  4:49  Probe (Chrono Boost)  
  61  4:52  Pylon  
  62  5:12  Nexus  
  46  5:14  Pylon  
  46  5:16  Pylon  
  46  5:17  Dark Templar x2  
  46  5:18  Dark Templar  
  46  5:20  Probe (Chrono Boost)  
  51  5:23  Probe (Chrono Boost)  
  52  5:30  Pylon  
  52  5:31  Probe (Chrono Boost)  
  52  5:34  Probe (Chrono Boost)  
  54  5:36  Adept  
  54  5:41  Probe (Chrono Boost)  
  55  5:44  Probe (Chrono Boost)  
  56  5:52  Probe (Chrono Boost)  
  56  5:55  Probe (Chrono Boost)  
  58  5:57  Adept x4  
  58  6:02  Probe (Chrono Boost)  
  67  6:05  Probe (Chrono Boost)  
  68  6:13  Probe (Chrono Boost)  
  68  6:16  Probe (Chrono Boost)  
  70  6:22  Gateway  
  70  6:23  Gateway, Probe (Chrono Boost)  
  70  6:25  Gateway  
  71  6:26  Probe (Chrono Boost)  
  71  6:27  Adept  
  74  6:34  Probe  
  74  6:35  Dark Templar x2, Adept, Archon  
  74  6:39  Archon  
  81  6:41  Probe  
  81  6:45  Blink  
  81  6:46  Adept  
  84  6:53  Probe  
  83  6:56  Assimilator  
  83  7:00  Assimilator  
  83  7:06  Probe  
  84  7:30  Adept  
  84  7:31  Adept x3  
  84  7:43  Probe x2  
  84  7:44  Adept x3  
  80  7:51  Forge  
  81  7:52  Pylon  
  81  7:53  Adept  
  81  7:54  Adept x3  
  81  7:56  Pylon  
  84  8:06  Adept x2  
  84  8:07  Adept  
  90  8:22  Stalker  
  90  8:23  Stalker x3  
  90  8:26  Pylon  
  90  8:28  Pylon  
  90  8:29  Pylon x2  
  90  8:30  Robotics Facility  
  90  8:32  Robotics Facility  
  90  8:37  Dark Templar x2  
Show
View Real Time Build Order
Export as new Build Order

PiG Zerg 

Build Orders: Hatch First 

Get SALT Encoding   

  12  0:00  Drone  
  13  0:12  Overlord  
  13  0:18  Drone  
  14  0:30  Drone x2  
  14  0:35  Drone  
  17  0:52  Hatchery  
  17  0:54  Drone  
  17  0:58  Drone  
  18  1:07  Drone  
  18  1:10  Extractor  
  18  1:17  Spawning Pool  
  17  1:19  Drone  
  18  1:28  Drone  
  19  1:39  Drone  
  20  1:46  Hatchery  
  19  1:56  Overlord  
  19  2:04  Drone x2  
  21  2:09  Queen  
  21  2:13  Drone  
  24  2:22  Zergling x2  
  25  2:25  Queen  
  25  2:29  Drone  
  28  2:32  Metabolic Boost  
  28  2:37  Drone x2  
  30  2:49  Drone x2  
  30  2:50  Overlord  
  32  2:56  Drone  
  32  2:58  Queen  
  35  3:05  Drone  
  35  3:06  Drone  
  36  3:16  Overlord  
  36  3:17  Drone  
  36  3:18  Drone x2  
  39  3:20  Drone, Queen  
  39  3:21  Drone  
  39  3:22  Zergling x2  
  44  3:28  Zergling x6  
  44  3:30  Drone  
  48  3:35  Drone  
  48  3:38  Extractor, Drone x2  
  50  3:43  Drone x3  
  53  3:50  Overlord  
  53  3:51  Drone  
  53  3:52  Drone  
  55  3:55  Drone  
  55  4:01  Drone  
  57  4:06  Baneling Nest  
  57  4:09  Zergling x6  
  59  4:10  Zergling x4  
  59  4:12  Drone  
  59  4:13  Drone x2  
  59  4:14  Drone  
  64  4:19  Drone  
  64  4:22  Spore Crawler  
  64  4:23  Spore Crawler  
  62  4:34  Drone  
  62  4:38  Drone  
  64  4:44  Zergling x2  
  64  4:45  Spine Crawler, Overlord x3  
  65  4:51  Baneling x4  
  65  4:52  Baneling x2  
  64  4:56  Zergling x2  
  64  5:00  Zergling x2  
  62  5:09  Zergling x18  
  66  5:15  Drone  
  66  5:16  Drone  
  66  5:19  Drone x2, Evolution Chamber  
  69  5:23  Drone x3  
  69  5:27  Queen  
  73  5:29  Drone x2  
  73  5:32  Lair  
  73  5:33  Drone  
  76  5:35  Hatchery  
  76  5:42  Drone x5  
  78  5:45  Zerg Missile Weapons Level 1, Drone  
  78  5:47  Extractor  
  78  5:55  Spore Crawler x2  
  75  6:03  Zergling x12  
  78  6:12  Extractor x2  
  76  6:28  Baneling  
  76  6:29  Overseer, Baneling x2  
  76  6:36  Drone x3  
  76  6:37  Drone x3  
  76  6:38  Hydralisk Den  
  76  6:39  Hatchery, Extractor  
  79  6:49  Overlord x2  
  79  6:51  Drone x2  
  79  6:52  Drone x3  
  82  6:56  Baneling x5  
  82  6:59  Zergling x8  
  86  7:02  Zergling x4  
  86  7:04  Baneling x3  
  84  7:23  Zergling x10  
  84  7:25  Muscular Augments  
  84  7:28  Hydralisk x3  
  75  7:46  Hatchery  
  75  7:48  Hydralisk x6  
  75  7:49  Drone  
  74  8:16  Hydralisk x2  
  77  8:23  Hydralisk  
  68  8:42  Drone x7  
Tags
 
Add a new tag
Caveats
  • Supply blocks, unpowered buildings, or Contaminate may cause inaccurate times.
  • Supply counts are checked every 10 seconds.